 Dungeon Crawl Stone Soup version 0.30-a0-585-g93115170b9 (webtiles) character file.

Game seed: 3018230884696799440

16 lunkers the Cudgeller (level 3, 0/29 HPs)
             Began as a Meteoran Warper on Jan 2, 2023.
             Killed from afar by Natasha (18 damage)
             ... with a bolt of light
             ... on level 2 of the Dungeon.
             The game lasted 00:01:02 (496 turns).

lunkers the Cudgeller (Meteoran Warper)              Turns: 496, Time: 00:01:03

Health: 0/29       AC:  3    Str: 15    XL:     3   Next: 0%
Magic:  8/8        EV: 12    Int: 14    God:
Gold:   25         SH:  0    Dex: 13    Spells: 2/7 levels left

rFire   . . .      SeeInvis .    a - +0 mace
rCold   . . .      Faith    .    (no shield)
rNeg    . . .      Spirit   .    b - +0 leather armour
rPois   .          Reflect  .    (no helmet)
rElec   .          Harm     .    (no cloak)
rCorr   .          Rampage  .    (no gloves)
Will    .....                    (no boots)
Stlth   +                        (no amulet)
HPRegen 0.24/turn                (no ring)
MPRegen 0.11/turn                (no ring)

@: confused, slowed, glowing, very slow
A: sense surroundings 1, otherworldly, glowing, explore regen
a: no special abilities


You were on level 2 of the Dungeon.
You visited 1 branch of the dungeon, and saw 2 of its levels.

You collected 25 gold pieces.

Inventory:

Hand Weapons
 a - a +0 mace (weapon)
Missiles
 d - 7 boomerangs of dispersal
Armour
 b - a +0 leather armour (worn)
Magical Staves
 m - a staff of fire
Scrolls
 c - a scroll of blinking
 e - 4 scrolls of identify {unknown}
 f - a scroll of teleportation {unknown}
 h - a scroll of amnesia {unknown}
 i - a scroll of acquirement {unknown}
 j - a scroll of fear {unknown}
Potions
 g - 2 potions of attraction {unknown}
 k - a potion of heal wounds {unknown}
 l - a potion of mutation {unknown}
 n - 2 potions of magic {unknown}


   Skills:
 - Level 2.1 Fighting
 * Level 4.2 Maces & Flails
 - Level 1.2 Throwing
 - Level 1.2 Armour
 - Level 2.4 Dodging
 - Level 2.6 Spellcasting
 - Level 3.6 Translocations


You had 2 spell levels left.
You knew the following spells:

 Your Spells              Type           Power      Damage    Failure   Level
b - Blink                 Tloc           24%        N/A       10%         2
c - Vhi's Electric Charg  Tloc/Air       12%        N/A       36%         3

Your spell library contained the following spells:

 Spells                   Type           Power      Damage    Failure   Level
 Freeze                   Ice            4%         1d3       26%         1
 Summon Small Mammal      Summ           4%         N/A       26%         1
 Cigotuvi's Dreadful Rot  Necr/Pois/Air  2%         N/A       38%         2
 Lesser Beckoning         Tloc           24%        N/A       19%         3
 Teleport Other           Tloc           12%        N/A       19%         3
 Manifold Assault         Tloc           12%        N/A       52%         4
 Call Canine Familiar     Summ           1%         N/A       63%         3
 Frozen Ramparts          Ice            2%         1d1       63%         3
 Hailstorm                Conj/Ice       1%         3d3       63%         3
 Summon Guardian Golem    Hex/Summ       1%         N/A       63%         3
 Dispel Undead            Necr           1%         3d6       95%         4
 Death Channel            Necr           0%         N/A       100%        6


Dungeon Overview and Level Annotations

Branches:
Dungeon (2/15) Zot: 692

Altars:

Annotations:
D:2 Natasha


Innate Abilities, Weirdness & Mutations

You passively map a small area around you.
You are easily found by Zot.
You glow in the dark.
You regain HP and MP as you explore.


Message History

c - Vhi's Electric Charge
e - 4 scrolls labelled MAUSEU CIUC (gained 1)
You now have 25 gold pieces (gained 2).
Found a trident.
You pick up a book of Frost and begin reading...
You add the spells Freeze, Frozen Ramparts and Hailstorm to your library.
Found a stone staircase leading down.
Natasha, Servant of Life and Death comes into view.
She is carrying a wand of light (6).
Natasha hisses angrily.
You hear a bark!
Natasha casts a spell at you. The magic dart hits you.
You hit Natasha. Your punch misses Natasha.
Natasha is lightly wounded.
Natasha drinks a potion.
Natasha seems to speed up.
A jackal comes into view.
You hit Natasha but do no damage.
Natasha is lightly wounded.
Natasha claws you! Natasha claws you.
* * * LOW HITPOINT WARNING * * *
You closely miss Natasha. Natasha claws you.
* * * LOW HITPOINT WARNING * * *
Natasha stares at you and mumbles some strange words.
You resist with some effort.
You hit Natasha.
Natasha is lightly wounded.
Natasha claws you but does no damage. x2
Unknown command.
You hit Natasha.
Natasha is moderately wounded.
Natasha casts a spell at you.
You feel yourself slow down.
Unknown command.
You aren't carrying any items that you can evoke.
Okay, then.
You hit Natasha.
Natasha is heavily wounded.
Natasha zaps a wand.
The bolt of light hits you!!
You are confused.
Ouch! That really hurt!
You die...

)...............
,
................
, , ,
.........#######
, ,
.......#..#######
, ,
.......##.......#
*
.......########.#
* .......# #.# *,
* * , ..######
#.## , ..# #.@#
** ..# ##>h..#
..# #.##...# ,
..# #.# #.# #.# #
, #.# #.#* *#.# *
, *


You could see Natasha (fast).

Vanquished Creatures
  A dart slug (D:2)
  2 ball pythons
  3 bats
  An endoplasm (D:1)
  2 goblins
  A quokka (D:2)
  A frilled lizard (D:1)
  2 rats
13 creatures vanquished.

Notes
Turn   | Place    | Note
-------+----------+-------------------------------------------
     0 | D:1      | lunkers the Meteoran Warper began the quest for the Orb.
     0 | D:1      | Reached XP level 1. HP: 17/17 MP: 5/5
   104 | D:1      | Reached skill level 3 in Maces & Flails
   123 | D:1      | Reached XP level 2. HP: 20/24 MP: 6/6
   145 | D:1      | Learned a level 2 spell: Blink
   441 | D:2      | Reached skill level 4 in Maces & Flails
   462 | D:2      | Reached XP level 3. HP: 28/29 MP: 8/8
   466 | D:2      | Learned a level 3 spell: Vhi's Electric Charge
   489 | D:2      | Noticed Natasha
   496 | D:2      | Killed from afar by Natasha

Illustrated notes

Levels and vault maps discovered:
D:1:      dpeg_arrival_signposts, layout_basic
D:2:      layout_basic, basic_altar, uniq_terence, uniq_natasha

Skill      XL: |  1  2 |
---------------+-------+-----
Maces & Flails | 3 4 |  4.2
Fighting       | |  2.1
Throwing       | |  1.2
Armour         | |  1.2
Dodging        | |  2.4
Spellcasting   | |  2.6
Translocations | |  3.6

Action                   || total
-------------------------++-------
Melee: Mace              ||    47
       Punch             ||     1
Armor: Leather armour    ||    27
Dodge: Dodged            ||    28

Table legend: (Time is in decaauts)
 A = Elapsed time spent in this place.
 B = Non-inter-level travel time spent in this place.
 C = Inter-level travel time spent in this place.
 D = Time resting spent in this place.
 E = Time spent auto-exploring this place.
 F = Levels seen in this place.
 G = Mean time per level.
                   A        B        C        D        E       F      G
               +--------+--------+--------+--------+--------+-----+--------+
         Total |    505 |    499 |      6 |      0 |    359 |   2 |  252.5 |
       Dungeon |    505 |    499 |      6 |      0 |    359 |   2 |  252.5 |
               +--------+--------+--------+--------+--------+-----+--------+

Top non-repeatable levels by time:
     D:1: 405 daAuts
     D:2: 100 daAuts
